 Dungeon Crawl Stone Soup version 0.28.0-47-ge53b351184 (webtiles) character file.

Game seed: 9884240606158160514

52438 Zeld the Warrior (level 14, -6/135 HPs)
             Began as a Pale Draconian Monk on Apr 28, 2022.
             Was a High Priest of Qazlal.
             Mangled by a blink frog (13 damage)
             ... on level 4 of the Lair of Beasts.
             The game lasted 00:26:48 (29024 turns).

Zeld the Warrior (Pale Draconian Monk)             Turns: 29024, Time: 00:26:49

Health: -6/135     AC: 17    Str: 18    XL:     14   Next: 27%
Magic:  19/19      EV: 16    Int: 11    God:    Qazlal [*****.]
Gold:   538        SH:  7    Dex: 14    Spells: 13/13 levels left

rFire   . . .      SeeInvis .   a - +4 executioner's axe (vorpal)
rCold   . . .      Faith    .   (shield currently unavailable)
rNeg    . . .      Spirit   .   (armour unavailable)
rPois   .          Reflect  .   (helmet restricted)
rElec   .          Harm     .   h - +2 cloak
rCorr   .          Rampage  .   p - +2 pair of gloves
Will    +....                   s - +2 pair of boots
Stlth   ++........              (no amulet)
HPRegen 0.32/turn               (no ring)
MPRegen 0.16/turn               (no ring)

@: repel missiles
A: breathe steam, AC +8, unfitting armour, cold-blooded, steam resistance
a: Breathe Steam, Renounce Religion, Upheaval, Elemental Force, Disaster Area


You were on level 4 of the Lair of Beasts.
You worshipped Qazlal.
Qazlal was extremely pleased with you.
You visited 4 branches of the dungeon, and saw 19 of its levels.
You also visited: Ossuary.

You collected 1080 gold pieces.
You spent 542 gold pieces at shops.

Inventory:

Hand Weapons
 a - a +4 vorpal executioner's axe (weapon)
Armour
 h - a +2 cloak (worn)
 p - a +2 pair of gloves (worn)
 s - a +2 pair of boots (worn)
Jewellery
 d - a ring of flight
 C - a ring of protection from fire
Wands
 i - a wand of paralysis (17)
 m - a wand of mindburst (14)
 o - a wand of digging (4)
 r - a wand of acid (6)
 u - a wand of polymorph (8)
 v - a wand of iceblast (1)
 E - a wand of flame (23)
Scrolls
 b - 5 scrolls of holy word
 f - 3 scrolls of silence
 k - 5 scrolls of enchant armour
 n - 6 scrolls of teleportation
 q - a scroll of amnesia
 t - 8 scrolls of magic mapping
 w - a scroll of enchant weapon
 y - 8 scrolls of noise {unknown}
 A - a scroll of fear
 B - a scroll of blinking {unknown}
Potions
 c - a potion of mutation {unknown}
 e - 7 potions of curing
 g - a potion of degeneration {unknown}
 j - a potion of berserk rage {unknown}
 l - 2 potions of might
 x - 3 potions of haste
 z - a potion of heal wounds
 D - a potion of resistance {unknown}
 F - 2 potions of magic {unknown}
 G - a potion of ambrosia {unknown}


   Skills:
 - Level 15.0 Fighting
 * Level 14.1 Axes
 + Level 9.4 Dodging
 + Level 10.0 Stealth
 + Level 7.4 Invocations
 + Level 7.4 Evocations


You had 13 spell levels left.
You didn't know any spells.
Your spell library was empty.

Dungeon Overview and Level Annotations

Branches:
Dungeon (13/15)            Temple (1/1) D:4            Lair (4/6) D:11
 Shoals (0/4) Lair:2       Spider (0/4) Lair:2          Orc (1/2) D:10
Ossuary (visited)
 Vaults: D:13-14

Altars:
Ashenzari
Cheibriados
Dithmenos
Elyvilon
Fedhas
Gozag
Hepliaklqana
Kikubaaqudgha
Makhleb
Nemelex Xobeh
Okawaru
Qazlal
Ru
Sif Muna
Trog
Uskayaw
Vehumet
Wu Jian
Xom
Yredelemnul
Zin
The Shining One
Beogh

Shops:
D:3 *   D:4 ?


Innate Abilities, Weirdness & Mutations

You can breathe blasts of scalding, opaque steam.
Your pale cyan-grey scales are hard. (AC +8)
You cannot fit into any form of body armour.
You are cold-blooded and may be slowed by cold attacks.
You are immune to the effects of steam.


Message History

* * * LOW HITPOINT WARNING * * *
The six-headed hydra misses you.
The six-headed hydra bites you but does no damage.
The six-headed hydra completely misses you.
You block the six-headed hydra's attack.
Aiming: Corrosive Bolt
Press: ? - help, Shift-Dir - straight line, f - blink frog
Aim: a blink frog (almost dead, covered in acid, 54% to hit)
The bolt of acid hits the six-headed hydra!!
The six-headed hydra is almost dead.
The bolt of acid hits the blink frog!!
You kill the blink frog!
Qazlal accepts your kill.
The blink frog blinks! x2
The six-headed hydra bites you but does no damage. x2
You block the six-headed hydra's attack.
The six-headed hydra barely misses you. The six-headed hydra bites you.
* * * LOW HITPOINT WARNING * * *
The six-headed hydra misses you.
Aiming: Corrosive Bolt
Press: ? - help, Shift-Dir - straight line, f - six-headed hydra
Aim: a six-headed hydra (almost dead, covered in acid, 91% to hit)
The bolt of acid hits the six-headed hydra!!
The six-headed hydra seems to be corroded for longer.
You kill the six-headed hydra!
Qazlal accepts your kill.
The bolt of acid hits the blink frog!!
You kill the blink frog!
Qazlal accepts your kill.
The bolt of acid misses the blink frog.
Your Stealth skill increases to level 10!
Unknown command.
Unknown command.
You see here a blink frog corpse.
You miss the blink frog.
The blink frog is lightly wounded.
The blink frog hits you!
* * * LOW HITPOINT WARNING * * *
The blink frog blinks!
The blink frog hits you!
You die...

#..<. .###.⌠.## #.#..#####
##.#.##..##
.........####.........##
.......F.#P##..........#
...........#†.§........
..>.......†.#...†....#
.........#†.+..§.☼☼..##
####....####..F○F>....# ..#
........# #####@###P## #..#
.....##.## #.# ##.. +#.#..#..#
### #..## .........# #####.#.
.........##### ###.##....
..........##.###########P.##.....
..........†#.#...#P..............
.........+†=............###P#....
..........####.#...P.#### ###....


You could see 2 blink frogs.

Vanquished Creatures
  A dire elephant (D:11)
  Fannar (D:12)
  4 hydras
  A death knight (D:13)
  2 anacondas (Lair:1)
  A catoblepas (D:13)
  2 centaur warriors (D:13)
  2 two-headed ogres
  6 death yaks
  3 tengu warriors
  Nergalle (D:9)
  A fire crab (Lair:1)
  2 deep elf pyromancers
  A phantasmal warrior (D:13)
  A shining eye (shapeshifter) (D:13)
  2 cyclopes
  8 elephants
  An ugly thing (D:13)
  3 black mambas
  12 cane toads
  2 torpor snails
  The ghost of seaoflcl the Skirmisher, a novice DjFi (D:4)
  The ghost of Malificent the Chiller, a novice DsIE of Qazlal (D:6)
  Maggie (Lair:1)
  2 freezing wraiths (D:13)
  A kobold demonologist (D:11)
  6 komodo dragons
  A tengu conjurer (D:13)
  A hornet (D:9)
  A tarantella (Lair:2)
  3 trolls
  7 polar bears
  5 slime creatures
  20 blink frogs
  Prince Ribbit (Lair:2)
  4 shadows
  26 yaks
  4 wraiths
  5 wyverns
  Grum (Lair:1)
  A steam dragon (D:9)
  6 basilisks
  4 vampire mosquitoes
  18 water moccasins
  6 orc warriors
  A sky beast (D:6)
  11 black bears
  A hornet zombie (D:7)
  An ogre (D:7)
  9 wolves (Lair:1)
  2 necrophages (D:6)
  12 centaurs
  2 kobold brigands
  A phantom (D:7)
  An elf zombie (Ossuary)
  10 bullfrogs
  4 gnoll sergeants
  2 scorpions
  3 wights (D:9)
  5 killer bees
  2 howler monkeys
  2 electric eels (Lair:1)
  A bullfrog zombie (D:7)
  4 centaur zombies
  A hound (D:5)
  3 jellies
  3 centaur skeletons
  7 orc priests
  A bullfrog skeleton (D:7)
  A gnoll shaman (D:6)
  6 iguanas
  14 orc wizards
  A hell rat (Lair:1)
  3 mummies (Ossuary)
  A howler monkey zombie (D:8)
  Robin (D:3)
  A howler monkey skeleton (D:4)
  11 adders
  24 gnolls
  A river rat (D:4)
  A white imp (D:5)
  3 ufetubi
  4 adder zombies (Ossuary)
  A worm (D:3)
  4 dart slugs
  36 orcs
  9 ball pythons
  5 bats
  8 endoplasms
  3 giant cockroaches
  A gnoll zombie (Ossuary)
  14 goblins
  13 hobgoblins
  4 quokkas
  5 frilled lizards
  A goblin zombie (Ossuary)
  3 hobgoblin zombies (Ossuary)
  17 kobolds
  A kobold zombie (Ossuary)
  2 quokka zombies (Ossuary)
  6 rats
  5 rat zombies (Ossuary)
482 creatures vanquished.

Vanquished Creatures (others)
  A bush (Lair:1)
  21 fungi
  28 plants
50 creatures vanquished.

Grand Total: 532 creatures vanquished

Notes
Turn   | Place    | Note
-------+----------+-------------------------------------------
     0 | D:1      | Zeld the Draconian Monk began the quest for the Orb.
     0 | D:1      | Reached XP level 1. HP: 19/19 MP: 1/1
     1 | D:1      | Noticed an electric eel
   382 | D:1      | Reached XP level 2. HP: 24/26 MP: 2/2
   445 | D:1      | Found a faded altar of an unknown god.
  1203 | D:1      | Reached XP level 3. HP: 33/33 MP: 3/3
  1475 | D:2      | Reached skill level 4 in Fighting
  2356 | D:3      | Found a snail-covered altar of Cheibriados.
  2419 | D:3      | Reached XP level 4. HP: 40/40 MP: 4/4
  2910 | D:3      | Found Gituf's General Store.
  2951 | D:3      | Bought a scroll of enchant armour for 75 gold pieces
  2951 | D:3      | Bought a potion of curing for 30 gold pieces
  3118 | D:3      | Noticed Robin
  3159 | D:3      | Killed Robin
  3160 | D:3      | Reached XP level 5. HP: 26/47 MP: 5/5
  3708 | D:4      | Noticed a black bear
  3720 | D:4      | Killed a black bear
  3721 | D:4      | Reached skill level 5 in Fighting
  3728 | D:4      | Reached XP level 6. HP: 28/56 MP: 6/6
  3924 | D:4      | Found an opulent altar of Gozag.
  4153 | D:4      | Found a runed translucent door.
  4156 | D:4      | Noticed seaoflcl's ghost (novice DjFi)
  4350 | D:4      | Found a runed translucent door.
  4826 | D:4      | Found a bloodstained altar of Trog.
  5100 | D:4      | Reached skill level 5 in Axes
  5198 | D:4      | Found Ytwadapp's Magic Scroll Shoppe.
  5203 | D:4      | Bought a scroll of identify for 26 gold pieces
  5203 | D:4      | Bought a scroll of fear for 45 gold pieces
  5422 | D:4      | Found a staircase to the Ecumenical Temple.
  5432 | Temple   | Entered the Ecumenical Temple
  5609 | D:5      | Entered Level 5 of the Dungeon
  5700 | D:5      | Found a stormy altar of Qazlal.
  5742 | D:5      | Your scales start taking on a pale cyan-grey colour.
  5742 | D:5      | Reached XP level 7. HP: 34/62 MP: 7/7
  5742 | D:5      | Gained mutation: You are immune to the effects of steam.
                  | [Pale Draconian growth]
  6207 | D:5      | Noticed a two-headed ogre
  6301 | D:5      | Reached skill level 6 in Fighting
  6481 | D:5      | Killed a two-headed ogre
  6482 | D:5      | Reached skill level 7 in Fighting
  6482 | D:5      | Reached XP level 8. HP: 73/73 MP: 8/8
  6560 | D:6      | Found a transporter.
  6561 | D:6      | Found a transporter.
  6637 | D:6      | Found a broken altar of Ashenzari.
  6790 | D:6      | Found a sand-covered staircase.
  6811 | Ossuary  | Entered an ossuary
  7367 | D:5      | Became a worshipper of Qazlal Stormbringer
  7367 | D:5      | Reached * piety under Qazlal
  7367 | D:5      | Reached ** piety under Qazlal
  7739 | D:6      | Reached skill level 8 in Fighting
  7978 | D:6      | Reached skill level 5 in Dodging
  8045 | D:6      | Identified the +1 trident of Zeorph {venom, rCorr Dex+3}
  8109 | D:6      | Noticed Malificent's ghost (novice DsIE)
  8661 | D:7      | Reached skill level 5 in Stealth
  8661 | D:7      | Reached XP level 9. HP: 43/81 MP: 9/9
  9114 | D:4      | Found an opulent altar of Gozag.
  9197 | D:4      | Found Ytwadapp's Magic Scroll Shoppe.
  9289 | D:4      | Found a bloodstained altar of Trog.
  9506 | D:4      | Killed seaoflcl's ghost
  9895 | D:4      | Found a staircase to the Ecumenical Temple.
 10356 | D:7      | Reached skill level 9 in Fighting
 12003 | D:8      | Found a hide-covered altar of Uskayaw.
 12162 | D:8      | Reached *** piety under Qazlal
 12961 | D:9      | Reached XP level 10. HP: 84/93 MP: 10/10
 13191 | D:9      | Reached skill level 10 in Fighting
 13662 | D:10     | Entered Level 10 of the Dungeon
 13662 | D:10     | Noticed Nergalle
 13678 | D:9      | Killed Nergalle
 14243 | D:10     | Found a hazy altar of Hepliaklqana.
 14337 | D:10     | Noticed a deep elf pyromancer
 14351 | D:10     | Killed a deep elf pyromancer
 14654 | D:10     | Found a staircase to the Orcish Mines.
 14710 | D:10     | Reached skill level 11 in Fighting
 14710 | D:10     | Reached skill level 10 in Axes
 14790 | D:10     | Reached **** piety under Qazlal
 15084 | D:3      | Bought a scroll of enchant armour for 75 gold pieces
 15134 | D:4      | Bought a scroll of enchant weapon for 97 gold pieces
 15134 | D:4      | Bought a scroll of enchant armour for 97 gold pieces
 15134 | D:4      | Bought a scroll of holy word for 97 gold pieces
 15260 | D:6      | Killed Malificent's ghost
 15965 | Orc:1    | Entered Level 1 of the Orcish Mines
 16000 | D:11     | Noticed a soul eater
 16004 | D:11     | Reached XP level 11. HP: 89/102 MP: 11/11
 16473 | D:11     | Reached skill level 1 in Evocations
 16553 | D:11     | Reached skill level 1 in Invocations
 16581 | D:11     | Found a staircase to the Lair.
 16932 | D:12     | Noticed a deep elf pyromancer
 16936 | D:12     | Killed a deep elf pyromancer
 16937 | D:12     | Reached skill level 12 in Fighting
 16977 | D:12     | Noticed a two-headed ogre
 16982 | D:12     | Killed a two-headed ogre
 17424 | D:12     | Noticed Fannar
 17444 | D:12     | Killed Fannar
 17454 | D:12     | Identified a scroll of acquirement
 17568 | D:11     | Acquired a +4 vorpal executioner's axe
 18223 | D:12     | Found a glowing silver altar of Zin.
 18883 | D:13     | Noticed a death knight
 19144 | D:13     | Noticed a phantasmal warrior
 19155 | D:13     | Killed a phantasmal warrior
 19156 | D:13     | Reached XP level 12. HP: 39/113 MP: 14/14
 19156 | D:13     | Killed a death knight
 19205 | D:13     | Noticed a tengu warrior
 19205 | D:13     | Noticed a tengu warrior
 19205 | D:13     | Noticed a tengu warrior
 19844 | D:12     | Killed a tengu warrior
 20178 | D:13     | Killed a tengu warrior
 20614 | D:13     | Killed a tengu warrior
 20615 | D:13     | Reached skill level 13 in Fighting
 21199 | D:13     | Noticed a catoblepas
 21205 | D:13     | Killed a catoblepas
 21280 | D:13     | Noticed a centaur warrior
 21299 | D:13     | Killed a centaur warrior
 21803 | D:13     | Noticed a centaur warrior
 21808 | D:13     | Killed a centaur warrior
 22075 | Lair:1   | Entered Level 1 of the Lair of Beasts
 22101 | Lair:1   | Reached ***** piety under Qazlal
 22283 | Lair:1   | Noticed Maggie
 22290 | Lair:1   | Killed Maggie
 22291 | Lair:1   | Reached skill level 5 in Evocations
 22372 | Lair:1   | Noticed Grum
 22376 | Lair:1   | Reached skill level 5 in Invocations
 22380 | Lair:1   | Killed Grum
 23043 | Lair:1   | Noticed an anaconda
 23047 | Lair:1   | Noticed an eight-headed hydra
 23048 | Lair:1   | Killed an anaconda
 23268 | Lair:1   | Killed an eight-headed hydra
 23269 | Lair:1   | Reached XP level 13. HP: 118/123 MP: 15/17
 23415 | Lair:1   | Noticed a dire elephant
 23940 | D:11     | Killed a dire elephant
 23943 | D:11     | Reached skill level 14 in Fighting
 24731 | Lair:2   | Noticed Prince Ribbit
 24736 | Lair:2   | Killed Prince Ribbit
 25130 | Lair:2   | Found a hole to the Spider Nest.
 25563 | Lair:2   | Found a staircase to the Shoals.
 27415 | Lair:3   | Identified the ring "Kitucs" {Wiz Dex+4 Stlth+}
 27977 | Lair:3   | Reached XP level 14. HP: 89/133 MP: 19/19
 28197 | Lair:4   | Reached skill level 15 in Fighting
 29023 | Lair:4   | Reached skill level 10 in Stealth
 29024 | Lair:4   | Mangled by a blink frog

Illustrated notes

Levels and vault maps discovered:
D:1:      arrival_aquarium_a, layout_basic,
          shapermc_ecumenical_altar_starsandcircs, kennysheep_decorative_pillar
D:2:      layout_rooms, nicolae_concentric_dashed_squares_mild, kennysheep_nub,
          amethyst_killhole
D:3:      kennysheep_big_flooded_room, layout_loops_ring, cheibriados_altar_1,
          serial_shops, shop, st_stairs_5, uniq_robin
D:4:      layout_basic, mainiacjoe_overflow_boulevard,
          mainiacjoe_overflow_paths, minmay_temple_entry_poolview, serial_shops,
          shop, ebering_ghost_sewer_f
D:5:      layout_basic, nicolae_qazlal_general_emergency
D:6:      layout_rooms, nicolae_overflow_crystal_walls,
          nicolae_ossuary_entry_ruins, gammafunk_ghost_gnarly_gnolls,
          minivault_24, nicolae_sextant, dk_noncrumbling_2, hex_medium,
          sigmund_army
D:7:      layout_layer_cave, grunt_ministairs_12, minmay_quadrilaterals
D:8:      layout_loops_cross, nicolae_uskayaw_dance_studio
D:9:      layout_basic
D:10:     layout_roguey, worldfamousw_hep_ancestral_shrine,
          minmay_orc_entry_temple_small, kennysheep_generic_room_15,
          uniq_nergalle
D:11:     layout_rooms, minmay_lair_entry_grove
D:12:     layout_loops_ring, zin_academy, uniq_fannar
D:13:     layout_grid_maze
Temple:   regret_index_temple_waves
Lair:1:   layout_roguey, nicolae_lair_lakeside_cave, lemuel_fruit_tree,
          uniq_maggie, uniq_grum
Lair:2:   beast_lair_carwin_large_4, layout_cave_pods, shoals_dummy_entry,
          spider_nest_entry_rubble, uniq_prince_ribbit2
Lair:3:   layout_hall_layers
Lair:4:   layout_roguey, serial_bayou_shore_b, infiniplex_staircase_pool_2,
          grunt_megastairs_1
Orc:1:    layout_caves, uniq_maurice

Skill      XL: |  1  2  3  4  5  6  7  8  9 10 11 12 13 14 |
---------------+-------------------------------------------+-----
Stealth        | 2 3 4 5 6 7 8 9 10 | 10.0
Fighting       | 4 5 7 8 9 11 12 13 14 15 | 15.0
Dodging        | 3 4 5 6 7 8 9 |  9.4
Axes           | 4 5 6 7 8 10 11 12 13 14 | 14.1
Evocations     | 3 5 6 7 |  7.4
Invocations    | 3 5 6 7 |  7.4

Action                   |  1- 3 |  4- 6 |  7- 9 | 10-12 | 13-15 || total
-------------------------+-------+-------+-------+-------+-------++-------
Melee: Hand axe          |   124 |   239 |   491 |    10 |       ||   864
       Tailslap          |    11 |    36 |    75 |    58 |    51 ||   231
       Punch             |       |     2 |     5 |       |       ||     7
       Battleaxe         |       |       |       |   180 |       ||   180
       Executioner's axe |       |       |       |   159 |   313 ||   472
 Abil: Breathe Steam     |       |       |    12 |    28 |     5 ||    45
Evoke: Wand              |       |       |       |     9 |    13 ||    22
  Use: Scroll            |       |       |     9 |    17 |     4 ||    30
       Potion            |       |       |     2 |     4 |       ||     6
 Stab: Sleeping          |     2 |     4 |     2 |       |       ||     8
Armor: Skin              |    59 |   107 |   201 |   204 |   179 ||   750
Dodge: Dodged            |    82 |   245 |   391 |   391 |   342 ||  1451
       Repelled          |       |       |       |     3 |       ||     3
Block: Other             |       |       |    44 |   144 |   135 ||   323
